EL
BILOXI SHUCKERS @ TULSA DRILLERS
05/30/2048
 
TOP OF THE 1ST
Biloxi Shuckers batting - Pitching for Tulsa Drillers : LHP Jonathan Daniels
Pitching: LHP Jonathan Daniels
Batting: LHB Pablo Cardona 0-0: Fly out, F9 (Flyball, 9, EV 89.4 MPH)
Batting: RHB Cameron Rattenbury 0-0: Called Strike
0-1: DOUBLE (Line Drive, 7LM, EV 100.0 MPH)
Batting: RHB Steve Byerly 0-0: Ball
1-0: Foul Ball, location: 2F
1-1: Ball
2-1: Fly out, F9 (Flyball, 9LS, EV 91.2 MPH)
Batting: RHB Brian Landrum 0-0: Ball
1-0: Ground out 5-3 (Groundball, 56, EV 86.2 MPH)
Top of the 1st over - 0 runs, 1 hit, 0 errors, 1 left on base; Biloxi 0 - Tulsa 0
BOTTOM OF THE 1ST
Tulsa Drillers batting - Pitching for Biloxi Shuckers : RHP Aaron Saenz
Pitching: RHP Aaron Saenz
Batting: RHB Marcos Villalobos 0-0: Called Strike
0-1: Ball
1-1: Foul Ball, location: 2F
1-2: SINGLE (Groundball, 25, EV 69.4 MPH) (infield hit)
Batting: SHB Nate Kopchak 0-0: Fly out, F8 (Flyball, 8LS, EV 76.9 MPH)
Batting: LHB Kevin Wiebe 0-0: Called Strike
Marcos Villalobos is caught stealing 2nd base 2-6
0-1: Ground out U3 (Groundball, 3L, EV 76.2 MPH)
Bottom of the 1st over - 0 runs, 1 hit, 0 errors, 0 left on base; Biloxi 0 - Tulsa 0
TOP OF THE 2ND
Biloxi Shuckers batting - Pitching for Tulsa Drillers : LHP Jonathan Daniels
Batting: RHB Leo Serrano 0-0: Ball
1-0: SINGLE (Flyball, 4D, EV 86.9 MPH)
Batting: LHB Rick Campbell 0-0: Ball
1-0: Ball
Leo Serrano is caught stealing 2nd base 2-6
2-0: Ball
3-0: Called Strike
3-1: Foul Ball, location: 2F
3-2: Strikes out swinging
Batting: SHB Orlando Torres 0-0: SINGLE (Groundball, 56D, EV 96.9 MPH)
Batting: RHB Josh Nelson 0-0: Called Strike
0-1: Ball
1-1: SINGLE (Groundball, 34D, EV 95.0 MPH)
Orlando Torres to second
Runner from 2nd tries for 3rd, OUT! 9-5
Top of the 2nd over - 0 runs, 3 hits, 0 errors, 1 left on base; Biloxi 0 - Tulsa 0
BOTTOM OF THE 2ND
Tulsa Drillers batting - Pitching for Biloxi Shuckers : RHP Aaron Saenz
Batting: LHB Chris Buchan 0-0: Called Strike
0-1: SOLO HOME RUN (Flyball, 9D, EV 97.5 MPH), Distance : 359 ft
Batting: SHB Justin Toth 0-0: Ball
1-0: Called Strike
1-1: Ball
2-1: Swinging Strike
2-2: Strikes out swinging
Batting: RHB Aaron Burress 0-0: Called Strike
0-1: Ball
1-1: Foul Ball, location: 2F
1-2: Foul Ball, location: 2F
1-2: Strikes out swinging
Batting: LHB Chris Barrera 0-0: Swinging Strike
0-1: Called Strike
0-2: Ball
1-2: Ball
2-2: SOLO HOME RUN (Flyball, 89XD, EV 95.6 MPH), Distance : 370 ft
Batting: RHB Tony Rivera 0-0: Ball
1-0: Ball
2-0: Called Strike
2-1: Called Strike
2-2: Foul Ball, location: 2F
2-2: Strikes out swinging
Bottom of the 2nd over - 2 runs, 2 hits, 0 errors, 0 left on base; Biloxi 0 - Tulsa 2
TOP OF THE 3RD
Biloxi Shuckers batting - Pitching for Tulsa Drillers : LHP Jonathan Daniels
Batting: RHB Bobby Heagle 0-0: Called Strike
0-1: Ball
1-1: Ball
2-1: Foul Ball, location: 2F
2-2: Foul Ball, location: 2F
2-2: Foul Ball, location: 2F
2-2: Ball
3-2: Foul Ball, location: 2F
3-2: Ground out 5-3 (Groundball, 56, EV 91.2 MPH)
Batting: LHB Pablo Cardona 0-0: Ball
1-0: Foul Ball, location: 2F
1-1: Foul Ball, location: 2F
1-2: Ball
2-2: Ground out 4-3 (Groundball, 4D, EV 85.0 MPH)
Batting: RHB Cameron Rattenbury 0-0: Called Strike
0-1: Ground out 4-3 (Groundball, 4, EV 84.4 MPH)
Top of the 3rd over - 0 runs, 0 hits, 0 errors, 0 left on base; Biloxi 0 - Tulsa 2
BOTTOM OF THE 3RD
Tulsa Drillers batting - Pitching for Biloxi Shuckers : RHP Aaron Saenz
Batting: RHB Kyle Garrett 0-0: Called Strike
0-1: Called Strike
0-2: Ball
1-2: Ball
2-2: Fly out, F8 (Flyball, 8LM, EV 90.0 MPH)
Batting: RHB Marcos Villalobos 0-0: Ball
1-0: Called Strike
1-1: Foul Ball, location: 2F
1-2: Ball
2-2: Strikes out swinging
Batting: SHB Nate Kopchak 0-0: Called Strike
0-1: Called Strike
0-2: Ground out 4-3 (Groundball, 4D, EV 99.4 MPH)
Bottom of the 3rd over - 0 runs, 0 hits, 0 errors, 0 left on base; Biloxi 0 - Tulsa 2
TOP OF THE 4TH
Biloxi Shuckers batting - Pitching for Tulsa Drillers : LHP Jonathan Daniels
Batting: RHB Steve Byerly 0-0: Ball
1-0: Called Strike
1-1: Ball
2-1: Ball
3-1: Swinging Strike
3-2: Base on Balls
Batting: RHB Brian Landrum 0-0: Ball
1-0: Foul Ball, location: 2F
1-1: Swinging Strike
1-2: Fly out, F8 (Flyball, 8LD, EV 95.0 MPH)
Batting: RHB Leo Serrano 0-0: Foul Ball, location: 2F
0-1: Swinging Strike
0-2: Strikes out swinging
Batting: LHB Rick Campbell 0-0: Called Strike
0-1: Called Strike
0-2: Ball
1-2: Ball
2-2: Ball
Steve Byerly is caught stealing 2nd base 2-6
Top of the 4th over - 0 runs, 0 hits, 0 errors, 0 left on base; Biloxi 0 - Tulsa 2
BOTTOM OF THE 4TH
Tulsa Drillers batting - Pitching for Biloxi Shuckers : RHP Aaron Saenz
Batting: LHB Kevin Wiebe 0-0: Ball
1-0: Ball
2-0: Called Strike
2-1: Swinging Strike
2-2: Ball
3-2: Strikes out looking
Batting: LHB Chris Buchan 0-0: Called Strike
0-1: Called Strike
0-2: Ball
1-2: Ball
2-2: Foul Ball, location: 2F
2-2: Strikes out looking
Batting: SHB Justin Toth 0-0: Called Strike
0-1: Ball
1-1: Ball
2-1: Ball
3-1: Base on Balls
Batting: RHB Aaron Burress 0-0: Called Strike
0-1: Ball
1-1: Ball
2-1: Foul Ball, location: 2F
2-2: Foul Ball, location: 2F
2-2: Foul Ball, location: 2F
2-2: Fielders Choice at 2nd, 5-4 (Groundball, 56, EV 85.0 MPH)
Bottom of the 4th over - 0 runs, 0 hits, 0 errors, 1 left on base; Biloxi 0 - Tulsa 2
TOP OF THE 5TH
Biloxi Shuckers batting - Pitching for Tulsa Drillers : LHP Jonathan Daniels
Batting: LHB Rick Campbell 0-0: Ball
1-0: Called Strike
1-1: Foul Ball, location: 2F
1-2: Ball
2-2: Foul Ball, location: 2F
2-2: Fly out, F8 (Flyball, 89M, EV 93.1 MPH)
Batting: SHB Orlando Torres 0-0: Ball
1-0: Called Strike
1-1: Ball
2-1: Reached on error, E5 (Groundball, 56S, EV 69.4 MPH)
Batting: RHB Josh Nelson 0-0: Ball
1-0: Ball
2-0: SINGLE (Flyball, 9LS, EV 97.5 MPH)
Orlando Torres to second
Batting: RHB Bobby Heagle 0-0: Called Strike
0-1: Ball
1-1: Ball
2-1: Called Strike
2-2: Strikes out swinging
Batting: LHB Pablo Cardona 0-0: Ball
1-0: Called Strike
1-1: Foul Ball, location: 2F
1-2: Ground out U3 (Groundball, 3, EV 107.5 MPH)
Top of the 5th over - 0 runs, 1 hit, 1 error, 2 left on base; Biloxi 0 - Tulsa 2
BOTTOM OF THE 5TH
Tulsa Drillers batting - Pitching for Biloxi Shuckers : RHP Aaron Saenz
Batting: LHB Chris Barrera 0-0: Ground out 6-3 (Groundball, 6, EV 100.0 MPH)
Batting: RHB Tony Rivera 0-0: Ball
1-0: Called Strike
1-1: Called Strike
1-2: Foul Ball, location: 2F
1-2: Ball
2-2: Foul Ball, location: 2F
2-2: Ball
3-2: Base on Balls
Batting: RHB Kyle Garrett 0-0: Called Strike
0-1: SINGLE (Groundball, 13S, EV 66.9 MPH) (infield hit)
Tony Rivera to second
Batting: RHB Marcos Villalobos 0-0: Called Strike
0-1: Ball
1-1: SINGLE (Line Drive, 9S, EV 100.0 MPH)
Tony Rivera to third
Kyle Garrett to second
Runner from 3rd tries for Home, SAFE, throw by RF to home
Batting: SHB Nate Kopchak 0-0: Ball
1-0: Ball
2-0: Fielders Choice at 2nd, 6-4 (Groundball, 6M, EV 108.8 MPH)
Kyle Garrett to third
Batting: LHB Kevin Wiebe 0-0: Called Strike
0-1: Called Strike
0-2: Strikes out swinging
Bottom of the 5th over - 1 run, 2 hits, 0 errors, 2 left on base; Biloxi 0 - Tulsa 3
TOP OF THE 6TH
Biloxi Shuckers batting - Pitching for Tulsa Drillers : LHP Jonathan Daniels
Batting: RHB Cameron Rattenbury 0-0: Ball
1-0: Called Strike
1-1: Called Strike
1-2: Foul Ball, location: 2F
1-2: Hit by Pitch
Pitching: LHP William Lobo
Batting: RHB Steve Byerly 0-0: Ball
1-0: Called Strike
1-1: Ball
2-1: Fly out, F4 (Popup, 4, EV 71.9 MPH)
Batting: RHB Brian Landrum 0-0: SINGLE (Groundball, 4MD, EV 95.0 MPH)
Cameron Rattenbury to second
Batting: RHB Leo Serrano 0-0: Ball
1-0: Swinging Strike
1-1: Ball
2-1: Foul Ball, location: 2F
2-2: SINGLE (Groundball, 4MS, EV 69.4 MPH) (infield hit)
Cameron Rattenbury to third
Brian Landrum to second
Batting: LHB Rick Campbell 0-0: Called Strike
0-1: Fly out, F9 (Line Drive, 9, EV 87.5 MPH)
Runner from 3rd tags up, SCORES, no throw by RF
Batting: SHB Orlando Torres 0-0: Ground out U3 (Groundball, 13, EV 88.8 MPH)
Top of the 6th over - 1 run, 2 hits, 0 errors, 2 left on base; Biloxi 1 - Tulsa 3
BOTTOM OF THE 6TH
Tulsa Drillers batting - Pitching for Biloxi Shuckers : RHP Aaron Saenz
Pitching: RHP Niclas Boman
Batting: LHB Chris Buchan 0-0: Ball
1-0: Swinging Strike
1-1: Ball
2-1: Swinging Strike
2-2: Strikes out looking
Batting: SHB Justin Toth 0-0: Foul Ball, location: 2F
0-1: DOUBLE (Line Drive, 89XD, EV 112.5 MPH)
Batting: RHB Aaron Burress 0-0: Called Strike
0-1: SINGLE (Line Drive, 89M, EV 99.4 MPH)
Justin Toth to third
Runner from 3rd tries for Home, throw by RF and OUT! 9-2
Batting: LHB Chris Barrera 0-0: Called Strike
0-1: Fly out, F7 (Line Drive, 78M, EV 106.2 MPH)
Bottom of the 6th over - 0 runs, 2 hits, 0 errors, 1 left on base; Biloxi 1 - Tulsa 3
TOP OF THE 7TH
Biloxi Shuckers batting - Pitching for Tulsa Drillers : LHP William Lobo
Batting: RHB Josh Nelson 0-0: Ball
1-0: Ball
2-0: Ball
3-0: Base on Balls
Batting: RHB Bobby Heagle 0-0: Called Strike
0-1: Ball
1-1: SINGLE (Line Drive, 78S, EV 95.0 MPH)
Josh Nelson to second
Batting: LHB Pablo Cardona 0-0: Sac Bunt to 15 - play at first, batter OUT! 1-3
Josh Nelson to third
Bobby Heagle to second
Batting: RHB Cameron Rattenbury 0-0: Called Strike
0-1: Ball
1-1: Swinging Strike
1-2: SINGLE (Groundball, 34D, EV 97.5 MPH)
Josh Nelson scores
Bobby Heagle to third
Runner from 3rd tries for Home, SAFE, throw by RF to home
Cameron Rattenbury to second
Batting: RHB Steve Byerly 0-0: Called Strike
0-1: Ball
1-1: Called Strike
1-2: Strikes out looking
Batting: RHB Brian Landrum 0-0: Called Strike
0-1: Foul Ball, location: 2F
0-2: Ball
1-2: Foul Ball, location: 2F
1-2: Foul Ball, location: 2F
1-2: Fly out, F9 (Flyball, 89D, EV 86.9 MPH)
Top of the 7th over - 2 runs, 2 hits, 0 errors, 1 left on base; Biloxi 3 - Tulsa 3
BOTTOM OF THE 7TH
Tulsa Drillers batting - Pitching for Biloxi Shuckers : RHP Niclas Boman
Batting: RHB Tony Rivera 0-0: Ball
1-0: Ball
2-0: Foul Ball, location: 2F
2-1: Called Strike
2-2: Foul Ball, location: 2F
2-2: Foul Ball, location: 2F
2-2: Ball
3-2: Foul Ball, location: 2F
3-2: SINGLE (Groundball, 6MS, EV 69.4 MPH) (infield hit)
Batting: RHB Kyle Garrett 0-0: Called Strike
Tony Rivera is caught stealing 2nd base 2-4
0-1: Ground out U3 (Groundball, 3S, EV 81.9 MPH)
Batting: RHB Marcos Villalobos 0-0: Ball
1-0: Ball
2-0: Called Strike
2-1: Ball
3-1: SINGLE (Groundball, 6D, EV 99.4 MPH)
Batting: SHB Nate Kopchak 0-0: Ball
1-0: Foul Ball, location: 2F
1-1: Foul Ball, location: 2F
1-2: Ball
Marcos Villalobos steals 2nd base
2-2: Ball
3-2: Foul Ball, location: 2F
3-2: Fly out, F7 (Flyball, 78D, EV 101.9 MPH)
Bottom of the 7th over - 0 runs, 2 hits, 0 errors, 1 left on base; Biloxi 3 - Tulsa 3
TOP OF THE 8TH
Biloxi Shuckers batting - Pitching for Tulsa Drillers : LHP William Lobo
Pitching: RHP Josh Weiser
Batting: RHB Leo Serrano 0-0: Ball
1-0: Foul Ball, location: 2F
1-1: Ball
2-1: Fly out, F8 (Flyball, 8LD, EV 101.9 MPH)
Pitching: RHP Jordan Arredondo
Batting: LHB Rick Campbell 0-0: Ball
1-0: Ball
2-0: Swinging Strike
2-1: Ball
3-1: Base on Balls
Batting: SHB Orlando Torres 0-0: Called Strike
0-1: Called Strike
0-2: SINGLE (Line Drive, 5D, EV 100.6 MPH)
Rick Campbell to second
Batting: RHB Josh Nelson 0-0: Ball
1-0: Foul Ball, location: 2F
1-1: Foul Ball, location: 2F
1-2: Foul Ball, location: 2F
1-2: Ball
2-2: Grounds into double play, 6-4-3 (Groundball, 6, EV 76.9 MPH)
Top of the 8th over - 0 runs, 1 hit, 0 errors, 1 left on base; Biloxi 3 - Tulsa 3
BOTTOM OF THE 8TH
Tulsa Drillers batting - Pitching for Biloxi Shuckers : RHP Niclas Boman
Pitching: LHP Matt Wojtkiewicz
Batting: RHB Robby Cuellar 0-0: Called Strike
0-1: Ball
1-1: Ball
2-1: Foul Ball, location: 2F
2-2: Ball
3-2: Base on Balls
Pinch Hitting: RHB Daniel Samano 0-0: Fly out, F9 (Line Drive, 9D, EV 101.2 MPH)
Batting: SHB Justin Toth 0-0: Fly out, F3 (Line Drive, 3, EV 75.6 MPH)
Lined into DP, U3 (Line Drive, 3, EV 76.2 MPH)
Bottom of the 8th over - 0 runs, 0 hits, 0 errors, 0 left on base; Biloxi 3 - Tulsa 3
TOP OF THE 9TH
Biloxi Shuckers batting - Pitching for Tulsa Drillers : RHP Jordan Arredondo
Now at 1B: Jonathan Kirsch
Batting: RHB Bobby Heagle 0-0: Called Strike
0-1: Ball
1-1: Foul Ball, location: 2F
1-2: Ball
2-2: Strikes out swinging
Batting: LHB Pablo Cardona 0-0: SINGLE (Groundball, 56D, EV 103.8 MPH)
Batting: RHB Cameron Rattenbury 0-0: Ball
1-0: Ball
Wild Pitch!
Pablo Cardona to second
2-0: Called Strike
2-1: Foul Ball, location: 2F
2-2: Ball
3-2: Strikes out swinging
Batting: RHB Steve Byerly 0-0: Ball
1-0: Ball
2-0: Ball
3-0: Called Strike
3-1: Called Strike
3-2: SINGLE (Groundball, 6MS, EV 67.5 MPH) (infield hit)
Pablo Cardona to third
Batting: RHB Brian Landrum 0-0: Foul Ball, location: 2F
0-1: Ball
1-1: Swinging Strike
1-2: Strikes out swinging
Top of the 9th over - 0 runs, 2 hits, 0 errors, 2 left on base; Biloxi 3 - Tulsa 3
BOTTOM OF THE 9TH
Tulsa Drillers batting - Pitching for Biloxi Shuckers : LHP Matt Wojtkiewicz
Pitching: RHP Dan Landry
Batting: RHB Aaron Burress 0-0: Ball
1-0: Called Strike
1-1: Swinging Strike
1-2: Ball
2-2: Ground out 5-3 (Groundball, 56, EV 91.9 MPH)
Batting: LHB Chris Barrera 0-0: Foul Ball, location: 2F
0-1: Called Strike
0-2: Ball
1-2: Strikes out swinging
Batting: RHB Tony Rivera 0-0: Called Strike
0-1: Swinging Strike
0-2: Ball
1-2: Foul Ball, location: 2F
1-2: Strikes out swinging
Bottom of the 9th over - 0 runs, 0 hits, 0 errors, 0 left on base; Biloxi 3 - Tulsa 3
TOP OF THE 10TH
Biloxi Shuckers batting - Pitching for Tulsa Drillers : RHP Jordan Arredondo
Pitching: RHP Etsuji Kawasaki
Pinch Hitting: SHB Mike Williams 0-0: Ball
1-0: Ball
2-0: Foul Ball, location: 2F
2-1: Ball
3-1: Foul Ball, location: 2F
3-2: Ground out 1-3 (Groundball, P, EV 69.4 MPH)
Batting: LHB Rick Campbell 0-0: Ball
1-0: Ground out 4-3 (Groundball, 4, EV 88.1 MPH)
Batting: SHB Orlando Torres 0-0: Ground out 4-3 (Groundball, 4, EV 105.0 MPH)
Top of the 10th over - 0 runs, 0 hits, 0 errors, 0 left on base; Biloxi 3 - Tulsa 3
BOTTOM OF THE 10TH
Tulsa Drillers batting - Pitching for Biloxi Shuckers : RHP Dan Landry
Now at C: Chris Fruit
Batting: RHB Kyle Garrett 0-0: Called Strike
0-1: Ball
1-1: Hit by Pitch
Batting: RHB Marcos Villalobos 0-0: Bunted foul
0-1: Ball
1-1: Ball
2-1: Bunt missed!
2-2: Foul Ball, location: 2F
2-2: Ball
3-2: Fielders Choice at 2nd, 4-6 (Groundball, 4, EV 81.9 MPH)
Batting: SHB Nate Kopchak 0-0: Bunted foul
0-1: Called Strike
Marcos Villalobos steals 2nd base
0-2: Foul Ball, location: 2F
0-2: Ground out 4-3 (Groundball, 4, EV 101.2 MPH)
Marcos Villalobos to third
Batting: RHB Robby Cuellar 0-0: Foul Ball, location: 2F
0-1: Foul Ball, location: 2F
0-2: Ball
1-2: Foul Ball, location: 2F
1-2: Ball
2-2: Foul Ball, location: 2F
2-2: Ball
3-2: Foul Ball, location: 2F
3-2: Reached on error, E1 (Groundball, 15S, EV 64.4 MPH)
Marcos Villalobos scores
Bottom of the 10th over - 1 run, 0 hits, 1 error, 1 left on base; Biloxi 3 - Tulsa 4
Tuesday, March 28th , 2023 - OOTP Baseball 23.10 Build 110